 Dungeon Sprint DCSS version 0.31.0-9-g3a7656b989 (webtiles) character file.

Game seed: 4911436862933508372

480141 Groucho the Ninja (level 20, -11/216 HPs)
             Began as an Armataur Brigand on Jan 31, 2024.
             Was an Elder of Uskayaw.
             Mangled by Lom Lobon (36 damage)
             ... while paralysed by Ereshkigal
             ... in the Dungeon (Sprint IX: "|||||||||||||||||||||||||||||") on Feb 1, 2024.
             The game lasted 00:36:22 (10656 turns).

Groucho the Ninja (Armataur Brigand)               Turns: 10656, Time: 00:36:22

Health: -11/216    AC: 28    Str: 19    XL:     20   Next: 59%
Magic:  0/33       EV:  1    Int:  6    God:    Uskayaw [****..]
Gold:   1447       SH:  0    Dex: 24    Spells: 19/19 levels left

rFire   + + +        n - +6 rapier (drain)
rCold   . . .        D - +1 tower shield
rNeg    . . .        E - +6 shadow dragon scales
rPois   .            o - melded +0 helmet
rElec   .            l - melded +0 cloak {rPois}
rCorr   .            y - melded +0 pair of gloves
SInv    +            (no barding)
Will    +....        (no amulet) Stlth *+++++++++
                     X - ring of the Traitor {^Contam Fly rF+++ Int-2 Dex+6}
HPRegen 1.21/turn    f - ring of see invisible
MPRegen 0.56/turn

%: no teleportation, roll
@: paralysed, beast-form, flying, silenced
A: beast (slay +4), large, deformed body, tough skin 3, armoured tail, roll 2,
dopey 2, low MP 1
}: 9/17 runes: decaying, serpentine, barnacled, slimy, elven, silver, golden,
abyssal, gossamer
a: Begin Untransformation, Renounce Religion


You were in the Dungeon.
You worshipped Uskayaw.
Uskayaw was exalted by your worship.
You were a hulking beast.
You visited 1 branch You collected 1979 gold pieces.
You spent 532 gold pieces at shops.

Inventory:

Hand Weapons
 n - a +6 rapier of draining (weapon)
 z - a +1 dagger of venom
 C - a +3 quick blade
 F - a +4 eudemon blade of holy wrath
Missiles
 d - 9 poisoned darts
 e - 5 curare-tipped darts
 N - 6 silver javelins
 P - 7 javelins (quivered)
Armour
 c - a +0 barding
 l - a +0 cloak of poison resistance (melded)
 o - a +0 helmet (melded)
 y - a +0 pair of gloves (melded)
 D - a +1 tower shield (worn)
 E - +6 shadow dragon scales (worn)
 Z - +4 gold dragon scales
Jewellery
 f - a ring of see invisible (right hand)
 p - a +2 ring of evasion
 q - a +2 ring of protection
 u - a ring of resist corrosion
 A - a ring of willpower
 B - a ring of ice
 H - a ring of wizardry
 I - a +6 ring of dexterity
 J - a +6 ring of strength
 K - a +6 ring of intelligence
 S - a ring of protection from fire
 X - the ring of the Traitor (left hand) {^Contam Fly rF+++ Int-2 Dex+6}
   (You found it in the Dungeon)

   [ring of dexterity]

   Int-2:     It affects your intelligence (-2).
   Dex+6:     It affects your dexterity (+6).
   rF+++:     It renders you almost immune to fire.
   Fly:       It grants you flight.
   ^Contam:   It causes magical contamination when unequipped.
Talismans
 b - a beast talisman (active)
Wands
 m - a wand of iceblast (19)
 w - a wand of flame (22)
Scrolls
 j - 2 scrolls of amnesia
 k - 5 scrolls of blinking
 t - a scroll of vulnerability
 v - 9 scrolls of fear
 M - a scroll of identify
 O - 3 scrolls of fog
 Q - a scroll of silence
 T - a scroll of brand weapon {unknown}
 U - a scroll of acquirement {unknown}
Potions
 a - 7 potions of haste
 g - 3 potions of heal wounds
 h - 6 potions of curing
 i - 9 potions of magic
 r - a potion of brilliance
 s - 4 potions of might
 x - a potion of lignification
 G - a potion of berserk rage
 L - 2 potions of mutation
Miscellaneous
 R - a phantom mirror
 V - the horn of Geryon


   Skills:
 O Level 27 Fighting
 O Level 27 Short Blades
 + Level 20.2 Throwing
 O Level 27 Armour
 O Level 27 Dodging
 O Level 27 Stealth
 O Level 27 Shields
 O Level 27 Invocations
 + Level 21.6 Evocations
 - Level 8.0 Shapeshifting


You had 19 spell levels left.
You didn't know any spells.
Your spell library contained the following spells:

 Spells                   Type           Power      Damage    Failure   Level
 Tukima's Dance           Hex            0%         N/A       99%         3
 Dimensional Bullseye     Hex/Tloc       0%         N/A       100%        4
 Iskenderun's Mystic Bla  Conj/Tloc      0%         2d3       100%        4


Dungeon Overview and Level Annotations

Branches:
Dungeon (1/1)

Altars:
Cheibriados
Dithmenos
Elyvilon
Fedhas
Gozag
Hepliaklqana
Kikubaaqudgha
Makhleb
Nemelex Xobeh
Okawaru
Qazlal
Ru
Sif Muna
Trog
Uskayaw
Vehumet
Wu Jian
Xom
Yredelemnul
Zin
The Shining One
Jiyva
Lugonu

Shops:
D :**(

Annotations:
D Antaeus, Ereshkigal, Lom Lobon


Innate Abilities, Weirdness & Mutations

You are a hulking beast.
Your limbs bulge with bestial killing power. (Slay +4)
Armour fits poorly on your strangely shaped body.
You have extremely tough skin. (AC +3)
You have a long armoured tail.
You regenerate magic and health when rolling toward enemies. (Rampage Regen)
You are very dopey. (Int -4)
Your magical capacity is low. (-10% MP)


Message History

Lom Lobon is lightly wounded.
Lom Lobon gestures.
Lom Lobon blinks!
Unknown command.
Unknown command.
You feel much better.
Ereshkigal gestures.
Ereshkigal's surroundings become eerily quiet.
Lom Lobon is engulfed in blazing flames.
Unknown command.
Unknown command.
You feel much better. You block Ereshkigal's attack. Lom Lobon misses you.
Unknown command.
Unknown command.
You puncture Ereshkigal!
Your tail-slap misses Ereshkigal.
Ereshkigal is lightly wounded.
The ball lightning explodes!
The blast of lightning engulfs Antaeus.
Antaeus completely resists.
The blast of lightning engulfs Ereshkigal!
Ereshkigal resists.
The blast of lightning engulfs you!!! Lom Lobon barely misses you.
Ereshkigal gestures at you.
You suddenly lose the ability to move!
Lom Lobon hits you!!!
* * * LOW HITPOINT WARNING * * *
You feel your power leaking away. Ereshkigal hits you.
* * * LOW HITPOINT WARNING * * *
Lom Lobon hits you.
* * * LOW HITPOINT WARNING * * *
You feel your power leaking away.
Ereshkigal gestures.
Ereshkigal's surroundings become eerily quiet.
Lom Lobon hits you.
* * * LOW HITPOINT WARNING * * *
You feel your power leaking away. Ereshkigal hits you!
* * * LOW HITPOINT WARNING * * *
Lom Lobon hits you!!!
You die...

.'...................').)))))))))
▓▓▓▓▓▓▓▓▓▓▓▓▓▓▓▓▓▓▓▓▓▓▓▓▓▓▓▓▓▓▓▓▓
.................................
▓▓▓▓▓▓▓▓▓▓▓▓▓▓▓▓▓▓▓▓▓▓▓▓▓▓▓▓▓▓▓▓▓
..'....)......'.........'........
▓▓▓▓▓▓▓▓▓▓▓▓▓▓▓▓▓▓▓▓▓▓▓▓▓▓▓▓▓▓▓▓▓
.................................
▓▓▓▓▓▓▓▓▓▓▓▓▓▓▓▓▓▓▓▓▓▓▓▓▓▓▓▓▓▓▓▓▓
..φ.Cφ&h&'.'............
▓▓▓▓▓▓▓▓▓▓▓▓▓▓▓▓▓▓▓▓▓▓▓▓


You could see Antaeus (agile, unsilenced), Lom Lobon (fast, strong, agile,
gusty, unsilenced, pain bonded) and Ereshkigal (agile, silencing, unsilenced,
pain bonded).

Vanquished Creatures
  Asmodeus (D)
  the Royal Jelly (D)
  Mnoleg (D)
  7 orbs of fire (D)
  7 ancient liches (D)
  Mennas (D)
  Mara (D)
  Sojobo (D)
  Xtahua (D)
  7 royal mummies (D)
  Boris (D)
  Margery (D)
  Geryon (D)
  Jory (D)
  2 golden dragons (D)
  3 electric golems (D)
  3 tentacled monstrosities (D)
  27 Orb Guardians (D)
  A hellephant (D)
  A lich (D)
  A titan (D)
  3 deep elf master archers (D)
  9 acid blobs (D)
  12 sphinxes (D)
  A deep elf blademaster (D)
  3 quicksilver dragons (D)
  A death cob (D)
  Frances (D)
  4 tengu reavers (D)
  Kirke (D)
  8 shadow dragons (D)
  2 fire giants (D)
  6 nagarajas (D)
  3 draconian monks (D)
  6 azure jellies (D)
  Ilsuiw (D)
  Donald (D)
  3 rockslimes (D)
  4 frost giants (D)
  4 vault wardens (D)
  3 emperor scorpions (D)
  2 deep elf sorcerers (D)
  Louise (D)
  A draconian scorcher (D)
  3 ghost moths (D)
  A draconian shifter (D)
  A formless jellyfish (D)
  9 vampire knights (D)
  A draconian stormcaller (D)
  4 ironbound preservers (D)
  A quicksilver ooze (D)
  2 spriggan defenders (D)
  A draconian annihilator (D)
  An ironbound thunderhulk (D)
  Nessos (D)
  6 stone giants (D)
  5 very ugly things (D)
  3 purple draconians (D)
  A green draconian (D)
  A black draconian (D)
  A bunyip (D)
  A deep elf demonologist (D)
  An eleionoma (D)
  6 deep elf annihilators (D)
  2 spark wasps (D)
  Snorg (D)
  9 red draconians (D)
  5 white draconians (D)
  2 dire elephants (D)
  5 merfolk impalers (D)
  6 merfolk javelineers (D)
  4 fire dragons (D)
  A yaktaur captain (D)
  4 ettins (D)
  3 deep elf high priests (D)
  4 mummy priests (D)
  An entropy weaver (D)
  2 ice dragons (D)
  3 ironbound frosthearts (D)
  25 vault guards (D)
  7 hydras (D)
  An alligator (D)
  A centaur warrior (D)
  3 merfolk aquamancers (D)
  A boulder beetle (D)
  4 ogre magi (D)
  3 naga warriors (D)
  A satyr (D)
  A vampire mage (D)
  A tengu warrior (D)
  A deep troll earth mage (D)
  2 shock serpents (D)
  3 spriggan berserkers (D)
  2 thrashing horrors (D)
  A naga sharpshooter (D)
  Sonja (D)
  5 hell knights (D)
  A skyshark (D)
  An iron troll (D)
  2 skeletal warriors (D)
  2 orb spiders (D)
  4 deep trolls (D)
  2 goliath frogs (D)
  9 swamp dragons (D)
  2 ironbound convokers (D)
  A steelbarb worm (D)
  An orc knight (D)
  A phantasmal warrior (D)
  2 necromancers (D)
  2 glowing orange brains (D)
  2 lindwurms (D)
  8 wolf spiders (D)
  A salamander (D)
  A cyclops (D)
  3 starcursed masses (D)
  2 manticores (D)
  An ugly thing (D)
  A black mamba (shapeshifter) (D)
  12 moths of wrath (D)
  A meliai (D)
  6 black mambas (D)
  An apocalypse crab (D)
  2 naga magi (D)
  A smoke demon (D)
  A torpor snail (D)
  2 cane toads (D)
  6 vault sentinels (D)
  A large abomination (D)
  A gargoyle (D)
  A cane toad (shapeshifter) (D)
  A kobold demonologist (D)
  3 komodo dragons (D)
  A tengu conjurer (D)
  17 guardian mummies (D)
  A freezing wraith (D)
  A polar bear (shapeshifter) (D)
  2 polar bears (D)
  A wandering mushroom (D)
  2 trolls (D)
  3 merfolk (D)
  A tyrant leech (D)
  A hornet (shapeshifter) (D)
  2 glass eyes (D)
  A jumping spider (D)
  A slime creature (D)
  A water elemental (D)
  2 wraiths (D)
  Eustachio (D)
  5 yaks (D)
  11 spriggans (D)
  3 wargs (D)
  3 hogs (D)
  A human (D)
  A golden eye (D)
  2 redbacks (D)
  A chaos spawn (D)
  2 water moccasins (D)
  3 nagas (D)
  2 acid dragons (D)
  A hell hound (D)
  A swamp drake (D)
  10 orc warriors (D)
  4 wolves (D)
  A centaur (D)
  2 bullfrogs (D)
  A scorpion (D)
  A wight (D)
  A howler monkey (D)
  A bombardier beetle (D)
  4 orc priests (D)
  An iron imp (D)
  4 orc wizards (D)
  An iguana (D)
  An adder (D)
  A dart slug (D)
  7 orcs (D)
  An endoplasm (D)
  A giant cockroach (D)
  A goblin (D)
  A bat (D)
521 creatures vanquished.

Vanquished Creatures (collateral kills)
  An ironbound preserver (D)
1 creature vanquished.

Vanquished Creatures (others)
  A human (D)
  2 ball lightnings (D)
3 creatures vanquished.

Grand Total: 525 creatures vanquished

Notes
Turn   | Place    | Note
-------+----------+-------------------------------------------
     0 | D        | Groucho the Armataur Brigand began the quest for the Orb.
     0 | D        | Reached XP level 1. HP: 17/17 MP: 1/1
    10 | D        | Reached skill level 1 in Armour
    10 | D        | Reached skill level 1 in Dodging
   325 | D        | Reached skill level 1 in Invocations
   334 | D        | Noticed an iguana
   334 | D        | Noticed a scorpion
   334 | D        | Noticed a bombardier beetle
   334 | D        | Noticed a water moccasin
   343 | D        | Killed a water moccasin
   344 | D        | Reached XP level 2. HP: 12/27 MP: 1/4
   344 | D        | Reached XP level 3. HP: 14/33 MP: 1/5
   344 | D        | Reached XP level 4. HP: 18/40 MP: 1/6
   900 | D        | Reached XP level 5. HP: 38/46 MP: 7/7
   908 | D        | Reached skill level 5 in Armour
  1273 | D        | Found a snail-covered altar of Cheibriados.
  1273 | D        | Found a shadowy altar of Dithmenos.
  1273 | D        | Found a white marble altar of Elyvilon.
  1273 | D        | Found a blossoming altar of Fedhas.
  1273 | D        | Found an opulent altar of Gozag.
  1274 | D        | Found a hazy altar of Hepliaklqana.
  1275 | D        | Found a viscous altar of Jiyva.
  1276 | D        | Found an ancient bone altar of Kikubaaqudgha.
  1277 | D        | Found a corrupted altar of Lugonu.
  1278 | D        | Found a burning altar of Makhleb.
  1279 | D        | Found a sparkling altar of Nemelex Xobeh.
  1280 | D        | Found an iron altar of Okawaru.
  1281 | D        | Found a stormy altar of Qazlal.
  1282 | D        | Found a sacrificial altar of Ru.
  1283 | D        | Found a shimmering blue altar of Sif Muna.
  1284 | D        | Found a bloodstained altar of Trog.
  1285 | D        | Found a hide-covered altar of Uskayaw.
  1286 | D        | Found a radiant altar of Vehumet.
  1287 | D        | Found an ornate altar of the Wu Jian Council.
  1288 | D        | Found a shimmering altar of Xom.
  1289 | D        | Found a basalt altar of Yredelemnul.
  1290 | D        | Found a glowing silver altar of Zin.
  1291 | D        | Found a glowing golden altar of the Shining One.
  1293 | D        | Became a worshipper of Uskayaw the Reveller
  1349 | D        | Noticed an orc warrior
  1349 | D        | Noticed a gargoyle
  1349 | D        | Noticed a wraith
  1349 | D        | Noticed a kobold demonologist
  1349 | D        | Noticed a yak
  1349 | D        | Noticed a yak
  1350 | D        | Killed a yak
  1350 | D        | Reached * piety under Uskayaw
  1351 | D        | Reached skill level 5 in Fighting
  1351 | D        | Reached skill level 5 in Short Blades
  1351 | D        | Reached skill level 5 in Invocations
  1351 | D        | Reached XP level 6. HP: 56/56 MP: 8/10
  1351 | D        | Killed a yak
  1351 | D        | Reached ** piety under Uskayaw
  1352 | D        | Gained mutation: You regenerate magic and health when
                  | rolling toward enemies. (Rampage Regen) [Armataur growth]
  1352 | D        | Reached XP level 7. HP: 62/62 MP: 8/11
  1352 | D        | Killed a kobold demonologist
  1352 | D        | Reached *** piety under Uskayaw
  1353 | D        | Reached skill level 5 in Dodging
  1353 | D        | Killed a wraith
  1353 | D        | Reached **** piety under Uskayaw
  1363 | D        | Reached XP level 8. HP: 59/71 MP: 10/13
  1365 | D        | Killed a gargoyle
  1366 | D        | Reached skill level 10 in Stealth
  1375 | D        | Noticed a troll
  1375 | D        | Noticed a cyclops
  1378 | D        | a warg changed into a black mamba
  1378 | D        | Noticed a black mamba (shapeshifter)
  1388 | D        | Killed a cyclops
  1396 | D        | Reached skill level 10 in Armour
  1396 | D        | Killed a black mamba
  1397 | D        | Reached XP level 9. HP: 75/81 MP: 12/15
  1397 | D        | Killed a troll
  1526 | D        | Noticed a komodo dragon
  1526 | D        | Noticed a black mamba
  1526 | D        | Noticed a komodo dragon
  1526 | D        | Noticed a cane toad
  1528 | D        | Noticed a torpor snail
  1528 | D        | Killed a cane toad
  1529 | D        | Noticed a polar bear
  1533 | D        | Killed a komodo dragon
  1545 | D        | Killed a torpor snail
  1548 | D        | Killed a black mamba
  1549 | D        | Reached XP level 10. HP: 37/91 MP: 9/17
  1895 | D        | Noticed a six-headed hydra
  1895 | D        | Noticed a black mamba
  1895 | D        | Noticed a cane toad
  1896 | D        | Noticed a skyshark
  1898 | D        | Killed a cane toad
  1899 | D        | Reached skill level 10 in Invocations
  1899 | D        | Killed a black mamba
  1903 | D        | Reached skill level 10 in Short Blades
  1904 | D        | Reached skill level 10 in Fighting
  1905 | D        | Killed a skyshark
  1905 | D        | Killed a six-headed hydra
  1905 | D        | Reached ***** piety under Uskayaw
  1934 | D        | Reached ****** piety under Uskayaw
  1951 | D        | Reached XP level 11. HP: 89/101 MP: 17/19
  2330 | D        | Noticed Sonja
  2344 | D        | Killed Sonja
  2899 | D        | Noticed an orc knight
  2916 | D        | Killed an orc knight
  2964 | D        | Found Zymusod's Weapon Boutique.
  2964 | D        | Noticed an ogre mage
  2964 | D        | Noticed an ogre mage
  2964 | D        | Noticed an ettin
  2964 | D        | Noticed a deep troll
  2964 | D        | Noticed a deep troll
  2966 | D        | Noticed a stone giant
  2977 | D        | Killed a deep troll
  2978 | D        | Found Alacy's General Store.
  2987 | D        | Noticed an iron troll
  2998 | D        | Killed a stone giant
  2999 | D        | Reached skill level 15 in Stealth
  3111 | D        | Killed an ettin
  3350 | D        | Killed an ogre mage
  3351 | D        | Reached skill level 10 in Dodging
  3372 | D        | Noticed a deep troll
  3381 | D        | Found Baecw's Assorted Antiques.
  3382 | D        | Killed a deep troll
  3383 | D        | Killed a deep troll
  3385 | D        | Killed an ogre mage
  3387 | D        | Noticed a deep troll
  3387 | D        | Found Zydub's Book Shop.
  3389 | D        | Noticed a stone giant
  3399 | D        | Noticed an ogre mage
  3399 | D        | Noticed an ogre mage
  3406 | D        | Killed an iron troll
  3408 | D        | Killed a deep troll
  3419 | D        | Killed a stone giant
  3420 | D        | Reached XP level 12. HP: 87/113 MP: 21/21
  3429 | D        | Killed an ogre mage
  3433 | D        | Killed an ogre mage
  3474 | D        | Bought a beast talisman for 220 gold pieces
  3476 | D        | Bought a diamond ring for 125 gold pieces
  3480 | D        | Bought a runed cloak for 187 gold pieces
  3734 | D        | Got the +1 ring mail of the Big Bang {-Cast rPois rC+++
                  | rCorr}
  3807 | D        | Noticed a boulder beetle
  3807 | D        | Noticed a centaur warrior
  3808 | D        | Killed a centaur warrior
  3809 | D        | Reached skill level 1 in Shields
  3810 | D        | Reached skill level 1 in Shapeshifting
  3812 | D        | Killed a boulder beetle
  3819 | D        | Noticed a cyan very ugly thing
  3824 | D        | Noticed a cyan very ugly thing
  3830 | D        | Noticed a frost giant
  3841 | D        | Noticed a tengu warrior
  3847 | D        | Noticed an ettin
  3849 | D        | Killed a tengu warrior
  3854 | D        | Killed a red very ugly thing
  3858 | D        | Killed a frost giant
  3858 | D        | Killed a white very ugly thing
  3865 | D        | Killed an ettin
  3866 | D        | Reached skill level 5 in Shields
  4430 | D        | Noticed Snorg
  4433 | D        | Noticed Kirke
  4434 | D        | Killed Snorg
  4439 | D        | Noticed Eustachio
  4440 | D        | Killed Kirke
  4441 | D        | Reached XP level 13. HP: 123/123 MP: 23/23
  4459 | D        | Killed Eustachio
  4717 | D        | Reached skill level 5 in Shapeshifting
  4727 | D        | Reached skill level 15 in Invocations
  4733 | D        | Noticed an eleionoma
  4735 | D        | Killed an eleionoma
  4737 | D        | Reached skill level 15 in Armour
  4759 | D        | Noticed a merfolk impaler
  4762 | D        | Killed a merfolk impaler
  4869 | D        | Noticed a vampire knight
  4869 | D        | Noticed a fire giant
  4869 | D        | Noticed a spriggan defender
  4869 | D        | Noticed an ettin
  4869 | D        | Noticed a spriggan defender
  4870 | D        | Noticed a stone giant
  4870 | D        | Killed a spriggan defender
  4871 | D        | Reached skill level 15 in Fighting
  4871 | D        | Killed an ettin
  4872 | D        | Noticed a fire giant
  4873 | D        | Killed a spriggan defender
  4874 | D        | Killed a fire giant
  4875 | D        | Reached XP level 14. HP: 135/135 MP: 26/26
  4875 | D        | Killed a vampire knight
  4876 | D        | Reached skill level 10 in Shields
  4876 | D        | Killed a fire giant
  4876 | D        | Killed a stone giant
  4877 | D        | Noticed a frost giant
  4877 | D        | Noticed a stone giant
  4879 | D        | Noticed a red very ugly thing
  4889 | D        | Killed a frost giant
  4890 | D        | Killed a stone giant
  4896 | D        | Killed a red very ugly thing
  5089 | D        | Noticed a vault warden
  5090 | D        | Noticed a vault warden
  5091 | D        | Noticed a vault warden
  5093 | D        | Noticed an ironbound preserver
  5095 | D        | Killed a vault warden
  5096 | D        | Killed a vault warden
  5097 | D        | Noticed a formless jellyfish
  5098 | D        | Killed a vault warden
  5101 | D        | Noticed an ironbound preserver
  5101 | D        | Noticed a vault warden
  5101 | D        | Noticed an ironbound thunderhulk
  5104 | D        | Killed an ironbound preserver
  5104 | D        | Noticed an ironbound preserver
  5118 | D        | Paralysed by a formless jellyfish for 1 turns
  5125 | D        | Killed a formless jellyfish
  5132 | D        | Killed an ironbound preserver
  5142 | D        | Killed an ironbound preserver
  5153 | D        | Killed a vault warden
  5156 | D        | Killed an ironbound thunderhulk
  6063 | D        | Noticed a tengu reaver
  6065 | D        | Noticed Sojobo
  6066 | D        | Noticed a tengu reaver
  6070 | D        | Noticed Mennas
  6078 | D        | Killed Mennas
  6079 | D        | Killed a tengu reaver
  6080 | D        | Killed Sojobo
  6081 | D        | Reached XP level 15. HP: 38/147 MP: 26/28
  6087 | D        | Killed a tengu reaver
  6158 | D        | Noticed Boris
  6162 | D        | Killed Boris
  6286 | D        | Noticed Frances
  6296 | D        | Killed Frances
  6310 | D        | Noticed Mara
  6325 | D        | Killed Mara
  6430 | D        | Noticed Jory
  6434 | D        | Killed Jory
  6468 | D        | Reached skill level 15 in Dodging
  6472 | D        | Reached skill level 15 in Shields
  6486 | D        | Got a decaying rune of Zot
  6497 | D        | Noticed an emperor scorpion
  6497 | D        | Noticed an emperor scorpion
  6499 | D        | Killed an emperor scorpion
  6500 | D        | Killed an emperor scorpion
  6513 | D        | Noticed an emperor scorpion
  6523 | D        | Killed an emperor scorpion
  6529 | D        | Got a gossamer rune of Zot
  6697 | D        | Noticed Ilsuiw
  6748 | D        | Killed Ilsuiw
  7001 | D        | Got a barnacled rune of Zot
  7080 | D        | Noticed a nagaraja
  7080 | D        | Noticed a nagaraja
  7081 | D        | Noticed a nagaraja
  7082 | D        | Reached skill level 15 in Short Blades
  7082 | D        | Noticed a nagaraja
  7085 | D        | Killed a nagaraja
  7086 | D        | Noticed a nagaraja
  7089 | D        | Noticed a nagaraja
  7089 | D        | Killed a nagaraja
  7089 | D        | Killed a nagaraja
  7090 | D        | Reached XP level 16. HP: 156/160 MP: 28/30
  7104 | D        | Got a serpentine rune of Zot
  7143 | D        | Noticed Margery
  7144 | D        | Noticed a hellephant
  7144 | D        | Noticed Xtahua
  7149 | D        | Killed Margery
  7151 | D        | Killed a hellephant
  7156 | D        | Killed Xtahua
  7266 | D        | Noticed a tengu reaver
  7268 | D        | Killed a tengu reaver
  7269 | D        | Noticed a tengu reaver
  7273 | D        | Noticed a shadow dragon
  7275 | D        | Killed a tengu reaver
  7281 | D        | Noticed a shadow dragon
  7289 | D        | Killed a shadow dragon
  7293 | D        | Killed a shadow dragon
  7345 | D        | Noticed a shadow dragon
  7345 | D        | Noticed an ancient lich
  7345 | D        | Noticed a tentacled monstrosity
  7345 | D        | Noticed an ancient lich
  7345 | D        | Noticed a shadow dragon
  7346 | D        | Noticed a golden dragon
  7351 | D        | Noticed a titan
  7351 | D        | Noticed a shadow dragon
  7353 | D        | Killed a tentacled monstrosity
  7354 | D        | Killed an ancient lich
  7355 | D        | Reached XP level 17. HP: 152/172 MP: 28/32
  7355 | D        | Killed a titan
  7355 | D        | Killed a golden dragon
  7356 | D        | Killed an ancient lich
  7378 | D        | Got a silver rune of Zot
  7468 | D        | Got the ring "Wijan" {rF- rN+ Str+6 SInv}
  7470 | D        | Got the ring of the Traitor {^Contam Fly rF+++ Int-2 Dex+6}
  7474 | D        | Got the amulet of Wurar {Spirit Str+3}
  7476 | D        | Got the ring of the Cast Vote {*Corrode *Slow rF++ rC+++
                  | Will+}
  7479 | D        | Got the ring of Diof {Wiz Str+2}
  7600 | D        | Noticed Donald
  7604 | D        | Killed Donald
  7662 | D        | Noticed Nessos
  7663 | D        | Noticed Louise
  7666 | D        | Killed Nessos
  7667 | D        | Killed Louise
  7719 | D        | Noticed a golden dragon
  7726 | D        | Killed a golden dragon
  7727 | D        | Reached skill level 27 in Stealth
  7827 | D        | Noticed a tentacled monstrosity
  7833 | D        | Killed a tentacled monstrosity
  7843 | D        | Noticed a quicksilver dragon
  7847 | D        | Killed a quicksilver dragon
  7871 | D        | Noticed a quicksilver dragon
  7872 | D        | Killed a quicksilver dragon
  8435 | D        | Noticed an Orb Guardian
  8435 | D        | Noticed an Orb Guardian
  8435 | D        | Noticed an Orb Guardian
  8435 | D        | Noticed an Orb Guardian
  8435 | D        | Noticed an Orb Guardian
  8435 | D        | Noticed an Orb Guardian
  8436 | D        | Noticed an Orb Guardian
  8436 | D        | Killed an Orb Guardian
  8437 | D        | Noticed an Orb Guardian
  8437 | D        | Killed an Orb Guardian
  8438 | D        | Killed an Orb Guardian
  8439 | D        | Reached skill level 27 in Armour
  8439 | D        | Reached XP level 18. HP: 188/188 MP: 34/34
  8439 | D        | Noticed an Orb Guardian
  8439 | D        | Noticed an Orb Guardian
  8440 | D        | Killed an Orb Guardian
  8441 | D        | Killed an Orb Guardian
  8441 | D        | Killed an Orb Guardian
  8441 | D        | Killed an Orb Guardian
  8441 | D        | Killed an Orb Guardian
  8442 | D        | Killed an Orb Guardian
  8442 | D        | Killed an Orb Guardian
  8448 | D        | Noticed an Orb Guardian
  8448 | D        | Noticed an Orb Guardian
  8448 | D        | Noticed a tentacled monstrosity
  8449 | D        | Noticed an Orb Guardian
  8449 | D        | Killed a tentacled monstrosity
  8450 | D        | Noticed an Orb Guardian
  8451 | D        | Killed an Orb Guardian
  8452 | D        | Killed an Orb Guardian
  8462 | D        | Killed an Orb Guardian
  8467 | D        | Killed an Orb Guardian
  8473 | D        | Noticed an ancient lich
  8474 | D        | Killed an ancient lich
  8476 | D        | Noticed an orb of fire
  8477 | D        | Killed an orb of fire
  8479 | D        | Noticed an electric golem
  8480 | D        | Killed an electric golem
  8482 | D        | Noticed an Orb Guardian
  8482 | D        | Noticed an orb of fire
  8482 | D        | Noticed an orb of fire
  8482 | D        | Noticed an ancient lich
  8482 | D        | Noticed an orb of fire
  8483 | D        | Noticed an orb of fire
  8483 | D        | Killed an orb of fire
  8484 | D        | Noticed an orb of fire
  8484 | D        | Killed an ancient lich
  8486 | D        | Noticed an electric golem
  8488 | D        | Killed an orb of fire
  8489 | D        | Noticed an orb of fire
  8490 | D        | Killed an orb of fire
  8491 | D        | Noticed an ancient lich
  8512 | D        | Killed an ancient lich
  8512 | D        | Gained mutation: Your magical capacity is low. (-10% MP)
                  | [an orb of fire]
  8517 | D        | Noticed an electric golem
  8528 | D        | Gained mutation: You are dopey. (Int -2) [an orb of fire]
  8532 | D        | Killed an orb of fire
  8533 | D        | Killed an orb of fire
  8542 | D        | Gained mutation: You are very dopey. (Int -4) [an orb of
                  | fire]
  8546 | D        | Killed an Orb Guardian
  8550 | D        | Killed an orb of fire
  8551 | D        | Reached skill level 27 in Invocations
  8551 | D        | Killed an electric golem
  8554 | D        | Killed an electric golem
  8589 | D        | Noticed an Orb Guardian
  8589 | D        | Noticed an Orb Guardian
  8589 | D        | Noticed an Orb Guardian
  8589 | D        | Noticed an Orb Guardian
  8589 | D        | Noticed an Orb Guardian
  8589 | D        | Noticed an Orb Guardian
  8597 | D        | Killed an Orb Guardian
  8598 | D        | Noticed an Orb Guardian
  8598 | D        | Killed an Orb Guardian
  8599 | D        | Reached XP level 19. HP: 203/204 MP: 32/32
  8602 | D        | Reached skill level 27 in Shields
  8713 | D        | Noticed an ancient lich
  8731 | D        | Noticed an ancient lich
  8736 | D        | Killed an ancient lich
  8737 | D        | Reached skill level 27 in Fighting
  8742 | D        | Killed an ancient lich
  8840 | D        | Reached skill level 27 in Short Blades
  8854 | D        | Got an elven rune of Zot
  8980 | D        | Noticed the Royal Jelly
  8982 | D        | Reached skill level 5 in Throwing
  8982 | D        | Reached skill level 5 in Evocations
  8988 | D        | Killed the Royal Jelly
  9009 | D        | Reached skill level 10 in Evocations
  9011 | D        | Got a slimy rune of Zot
  9016 | D        | Reached skill level 10 in Throwing
  9113 | D        | Reached XP level 20. HP: 216/216 MP: 33/33
  9177 | D        | Reached skill level 27 in Dodging
  9707 | D        | Noticed a royal mummy
  9707 | D        | Noticed a royal mummy
  9707 | D        | Noticed a royal mummy
  9707 | D        | Noticed a royal mummy
  9707 | D        | Noticed a royal mummy
  9708 | D        | Noticed a royal mummy
  9708 | D        | Killed a royal mummy
  9709 | D        | Reached skill level 15 in Evocations
  9709 | D        | Noticed a royal mummy
  9710 | D        | Killed a royal mummy
  9711 | D        | Reached skill level 15 in Throwing
  9711 | D        | Killed a royal mummy
  9712 | D        | Killed a royal mummy
  9728 | D        | Killed a royal mummy
  9733 | D        | Killed a royal mummy
  9735 | D        | Killed a royal mummy
 10147 | D        | Got a golden rune of Zot
 10494 | D        | Got an abyssal rune of Zot
 10620 | D        | Noticed Geryon
 10621 | D        | Killed Geryon
 10624 | D        | Found the +13 sceptre of Asmodeus
 10624 | D        | Noticed Asmodeus
 10624 | D        | Noticed Mnoleg
 10624 | D        | Noticed Lom Lobon
 10638 | D        | Noticed Ereshkigal
 10645 | D        | Killed Mnoleg
 10647 | D        | Killed Asmodeus
 10647 | D        | Noticed Antaeus
 10653 | D        | Paralysed by Ereshkigal for 5 turns
 10656 | D        | Mangled by Lom Lobon

Illustrated notes

Levels and vault maps discovered:
D:        linesprint [early_d, line_temple, items_1, d_10, items_2, lair_1,
          lair_end, items_3, orc_1, orc_end, items_4, d_15, swamp_1, shoals_1,
          snake_1, spider_1, d_20, vaults_1, items_5, swamp_end, shoals_end,
          snake_end, spider_end, vaults_end, d_27, items_6, zot_1, zot_end,
          crypt_end, forest_end, elf_end, slime_end, tomb_end, abyss_end,
          pan_hell_end]

Skill      XL: |  1  2  3  4  5  6  7  8  9 10 11 12 13 14 15 16 17 18 19 20 |
---------------+-------------------------------------------------------------+-----
Short Blades   | 3 4 5 6 8 9 10 12 13 14 15 17 20 23 27 | 27.0
Fighting       | 3 4 5 6 8 9 10 12 13 15 17 19 20 23 25 27 | 27.0
Armour         | 4 6 7 8 10 11 12 13 16 19 21 24 27 | 27.0
Dodging        | 2 3 4 5 6 7 8 10 11 12 14 16 17 19 22 26 27 | 27.0
Invocations    | 3 5 6 8 9 11 13 14 16 18 20 22 24 27 | 27.0
Stealth        | 6 8 9 11 12 13 16 17 19 21 23 26 27 | 27.0
Shields        | 5 9 13 16 19 22 26 27 | 27.0
Shapeshifting  | 4 7 8 |  8.0
Throwing       | 12 20 | 20.2
Evocations     | 12 21 | 21.6

Action                     |  1- 3 |  4- 6 |  7- 9 | 10-12 | 13-15 | 16-18 | 19-21 || total
---------------------------+-------+-------+-------+-------+-------+-------+-------++-------
  Melee: Dagger            |    21 |    27 |    49 |    15 |       |       |       ||   112
         Tailslap          |     2 |       |    12 |    43 |    46 |    58 |    41 ||   202
         Rapier            |       |       |       |   247 |   266 |   352 |   235 ||  1100
         Punch             |       |       |       |     4 |     6 |     1 |       ||    11
 Invoke: Line Pass         |       |       |     5 |    19 |    15 |    15 |    11 ||    65
    Use: Potion            |     2 |     1 |     1 |     4 |     2 |     1 |    11 ||    22
         Scroll            |       |       |       |     7 |     2 |     2 |     2 ||    13
   Stab: Sleeping          |     1 |     2 |     3 |    14 |    41 |    51 |    29 ||   141
         Confused          |       |       |     6 |    17 |    20 |    25 |    20 ||    88
         Paralysed         |       |       |     2 |    14 |    32 |    48 |    41 ||   137
         Invisible         |       |       |       |     2 |       |       |       ||     2
         Distracted        |       |       |       |     1 |     1 |     2 |     2 ||     6
 Armour: Robe              |    11 |     8 |    19 |    38 |       |       |       ||    76
         Leather armour    |       |       |       |    60 |       |       |       ||    60
         Shadow dragon sca |       |       |       |    22 |    98 |    88 |    42 ||   250
  Dodge: Dodged            |     5 |     6 |    29 |   100 |    54 |    45 |    31 ||   270
  Block: Tower shield      |       |       |       |       |       |   104 |   131 ||   235
   Form: Beast             |       |       |       |     1 |       |       |       ||     1
